 Dungeon Crawl Stone Soup version 0.29-a0-284-gf9362112df (webtiles) character file.

Game seed: 2349983310566983958

273 siradein the Grave Robber (level 6, -7/57 HPs)
             Began as a Troll Necromancer on Mar 22, 2022.
             Killed by nerve-wracking pain
             ... invoked by Grinder
              (11 damage)
             ... on level 3 of the Dungeon.
             The game lasted 00:05:39 (1606 turns).

siradein the Grave Robber (Troll Necromancer)       Turns: 1606, Time: 00:05:40

Health: -7/57      AC:  5    Str: 17    XL:     6   Next: 3%
Magic:  7/7        EV: 10    Int: 13    God:
Gold:   142        SH:  0    Dex: 10    Spells: 4/8 levels left

rFire   . . .      SeeInvis .     - Unarmed
rCold   . . .      Faith    .   (no shield)
rNeg    . . .      Spirit   .   a - +0 robe
rPois   .          Reflect  .   (helmet restricted)
rElec   .          Harm     .   n - +0 cloak
rCorr   .          Rampage  .   (gloves unavailable)
Will    .....                   (boots unavailable)
Stlth   +.........              (no amulet)
HPRegen 0.99/turn               (no ring)
MPRegen 0.10/turn               (no ring)

@: no status effects
A: large, unfitting armour, claws 3, regeneration 1, shaggy fur 1, tough skin 1
a: no special abilities


You were on level 3 of the Dungeon.
You visited 1 branch of the dungeon, and saw 3 of its levels.

You collected 142 gold pieces.

Inventory:

Hand Weapons
 k - the +8 dagger "Roshoyck" {pain, rElec rF+}
   (You found it on level 2 of the Dungeon)

   In the hands of one skilled in necromantic magic, it inflicts extra damage on
   living creatures.
   rF:        It protects you from fire.
   rElec:     It insulates you from electricity.
Armour
 a - a +0 robe (worn)
 n - a +0 cloak (worn)
Scrolls
 c - a scroll of holy word {unknown}
 d - a scroll of torment {unknown}
 f - 2 scrolls of amnesia {unknown}
 h - a scroll of magic mapping {unknown}
 j - a scroll of vulnerability {unknown}
Potions
 b - a potion of magic
 e - a potion of berserk rage {unknown}
 g - a potion of degeneration {unknown}
 i - a potion of attraction {unknown}
 l - 3 potions of lignification {unknown}
 m - a potion of cancellation {unknown}


   Skills:
 + Level 1.8 Fighting
 + Level 0.0 Short Blades
 + Level 2.5 Dodging
 - Level 1.0 Stealth
 - Level 1.9 Unarmed Combat
 + Level 1.9 Spellcasting
 * Level 4.4 Necromancy


You had 4 spell levels left.
You knew the following spells:

 Your Spells              Type           Power      Damage    Failure   Level
a - Pain                  Necr           48%        1d6       4%          1
b - Vampiric Draining     Necr           12%        2d6       12%         3

Your spell library contained the following spells:

 Spells                   Type           Power      Damage    Failure   Level
 Animate Skeleton         Necr           24%        N/A       4%          1
 Animate Dead             Necr           6%         N/A       38%         4
 Agony                    Necr           12%        N/A       75%         5


Dungeon Overview and Level Annotations

Branches:
Dungeon (3/15)

Altars:

Annotations:
D:3 Grinder


Innate Abilities, Weirdness & Mutations

You are too large for most types of armour.
You have claws for hands.
Your natural rate of healing is unusually fast.
You are covered in fur. (AC +1)
You have tough skin. (AC +1)


Message History

Grinder is moderately wounded.
Grinder hits you.
You writhe in agony.
You barely miss Grinder.
Grinder is moderately wounded.
Grinder gestures at you. You resist with significant effort.
You barely miss Grinder.
Grinder is moderately wounded.
Grinder hits you.
You writhe in agony.
You barely miss Grinder.
Grinder is moderately wounded.
Grinder hits you!
* * * LOW HITPOINT WARNING * * *
You writhe in agony.
* * * LOW HITPOINT WARNING * * *
You closely miss Grinder.
Grinder is moderately wounded.
Grinder hits you.
* * * LOW HITPOINT WARNING * * *
You writhe in agony.
* * * LOW HITPOINT WARNING * * *
You closely miss Grinder.
Grinder is moderately wounded.
Grinder hits you.
* * * LOW HITPOINT WARNING * * *
You writhe in agony.
* * * LOW HITPOINT WARNING * * *
You scratch Grinder.
Grinder is moderately wounded.
Grinder hits you but does no damage.
Unknown command.
Grinder attacks as you move away! Grinder closely misses you.
Grinder attacks as you move away! Grinder completely misses you.
There is a stone staircase leading up here.
Grinder gestures at you. Pain shoots through your body!
* * * LOW HITPOINT WARNING * * *
Grinder gestures at you. Pain shoots through your body!
You die...

#.### #.#.#....# .. #.#
#........# #. #.#
#..#.#.##...# .# #.#
#..#<#.##...# .. #.#
#..#.#.###### #. #.#
#..#.#.#################.
#.#
#..#.#.#.................
#.#
#..#.#.#.....############
#.# #.)#.#.#@5.#.# #.#
#..#.#.....#.# #.#
#..#.#.....#.# #.#
#..#.#..#..#.# #.#
#..#.#..#..#.# #.#
#..#.#.....#.#
#.#.###..#.##.#.##.#
#.#...........#.#
###.#########.###.#


You could see Grinder.

Vanquished Creatures
  Sigmund (D:3)
  7 adders
  2 worms
  An orc (D:3)
  6 ball pythons
  6 endoplasms
  4 giant cockroaches
  4 hobgoblins (D:1)
  A quokka (D:2)
  5 bats
  2 frilled lizards (D:1)
  3 goblins
  3 kobolds
  4 rats (D:1)
49 creatures vanquished.

Notes
Turn   | Place    | Note
-------+----------+-------------------------------------------
     0 | D:1      | siradein the Troll Necromancer began the quest for the Orb.
     0 | D:1      | Reached XP level 1. HP: 16/16 MP: 1/1
   174 | D:1      | Reached XP level 2. HP: 19/24 MP: 3/3
   507 | D:1      | Found a faded altar of an unknown god.
   804 | D:2      | Reached XP level 3. HP: 28/32 MP: 4/4
   954 | D:2      | Identified the +8 dagger "Roshoyck" {pain, rElec rF+}
  1075 | D:2      | Reached skill level 1 in Fighting
  1153 | D:2      | Reached XP level 4. HP: 41/41 MP: 5/5
  1157 | D:2      | Learned a level 3 spell: Vampiric Draining
  1178 | D:2      | Reached skill level 1 in Unarmed Combat
  1411 | D:3      | Reached skill level 4 in Necromancy
  1427 | D:3      | Noticed Sigmund
  1434 | D:3      | Killed Sigmund
  1435 | D:3      | Reached XP level 5. HP: 36/49 MP: 6/6
  1435 | D:3      | Reached XP level 6. HP: 42/57 MP: 7/7
  1568 | D:3      | Noticed Grinder
  1606 | D:3      | Killed from afar by Grinder

Illustrated notes

Levels and vault maps discovered:
D:1:      lightli_arrival_lavapool, layout_basic, serial_glass, glass_columns_a,
          glass_columns_b, glass_columns_b, glass_columns_c, glass_columns_b,
          glass_columns_c, glass_columns_a, glass_columns_c,
          nicolae_ecumenical_lake_church
D:2:      layout_loops_ring, minmay_misc_feat_chi, st_stairs_4,
          minmay_misc_feat_plants
D:3:      layout_basic, uniq_grinder, uniq_sigmund

Skill      XL: |  1  2  3  4 |
---------------+-------------+-----
Dodging        | 2 |  2.5
Fighting       | 1 |  1.8
Unarmed Combat | 1 |  1.9
Necromancy     | 4 |  4.4
Stealth        | |  1.0
Spellcasting   | |  1.9

Action                   |  1- 3 |  4- 6 || total
-------------------------+-------+-------++-------
Melee: Unarmed           |    94 |    11 ||   105
       Dagger            |     9 |    29 ||    38
       Punch             |       |     2 ||     2
 Stab: Sleeping          |     4 |     1 ||     5
Armor: Robe              |    36 |     8 ||    44
Dodge: Dodged            |    47 |    19 ||    66

Table legend: (Time is in decaauts)
 A = Elapsed time spent in this place.
 B = Non-inter-level travel time spent in this place.
 C = Inter-level travel time spent in this place.
 D = Time resting spent in this place.
 E = Time spent auto-exploring this place.
 F = Levels seen in this place.
 G = Mean time per level.
                   A        B        C        D        E       F      G
               +--------+--------+--------+--------+--------+-----+--------+
         Total |   1606 |   1565 |     41 |      0 |   1190 |   3 |  535.3 |
       Dungeon |   1606 |   1565 |     41 |      0 |   1190 |   3 |  535.3 |
               +--------+--------+--------+--------+--------+-----+--------+

Top non-repeatable levels by time:
     D:1: 717 daAuts
     D:2: 673 daAuts
     D:3: 214 daAuts
